 Dungeon Crawl Stone Soup version 0.31-a0-174-g85c54bcb58 (webtiles) character file.

Game seed: 159438602631120632

11872 TittyCrusher the Grappler (level 11, -24/96 HPs)
             Began as an Octopode Transmuter on June 15, 2023.
             Was a High Priest of Cheibriados.
             Annihilated by a reaper
             ... wielding a +1 scythe of freezing
              (40 damage)
             ... in an ice cave.
             The game lasted 00:27:19 (11127 turns).

TittyCrusher the Grappler (Octopode Transmuter)    Turns: 11127, Time: 00:27:20

Health: -24/96     AC: 10    Str: 25    XL:     11   Next: 84%
Magic:  13/15      EV: 11    Int: 33    God:    Cheibriados [*****.]
Gold:   562        SH:  0    Dex: 23    Spells: 5/14 levels left

rFire   . .          .
                       - Unarmed
rCold   + + +        (shield currently unavailable)
rNeg    + + .        (helmet currently unavailable)
rPois   +            (no amulet)
rElec   .            i - ring of positive energy
rCorr   .            v - ring of positive energy
SInv    .            w - ring of protection from fire
Will    +....        r - +6 ring of intelligence
Stlth   ++           F - ring of willpower
HPRegen 0.36/turn    H - ring of wizardry
MPRegen 0.14/turn    (no ring)
                     (no ring)

%: wizardry (x1)
@: ice-form, invisible, very slow
A: freezing attack, boosted hp, almost no armour, amphibious, 8 rings, large,
(camouflage 1), (gelatinous body 1), (nimble swimmer 1), (tentacles), (fire
resistance 1), (cold vulnerability 1)
a: End Transformation, Renounce Religion, Bend Time, Temporal Distortion,
Slouch, Step From Time


You were in an ice cave.
You worshipped Cheibriados.
Cheibriados was extremely pleased with you.
You were a creature of crystalline ice.
You visited 3 branches of the dungeon, and saw 11 of its levels.
You also visited: Ice Cave.

You collected 562 gold pieces.

Inventory:

Hand Weapons
 b - a +0 sling
Missiles
 h - 43 stones (quivered)
 E - 2 throwing nets
Armour
 G - a +1 buckler
Magical Staves
 f - a staff of earth
Jewellery
 a - a ring of fire
 i - a ring of positive energy (left front paw)
 j - a ring of fire
 r - a +6 ring of intelligence (on tentacle)
 v - a ring of positive energy (right front paw)
 w - a ring of protection from fire (on tentacle)
 A - the ring "Vaonunyr" {rElec rPois rC- MP+9}
   (You found it on level 7 of the Dungeon)

   [ring of poison resistance]

   rC:        It makes you vulnerable to cold.
   rElec:     It insulates you from electricity.
   rPois:     It protects you from poison.
   MP:        It affects your magic capacity (+9).
 F - a ring of willpower (on tentacle)
 H - a ring of wizardry (on tentacle)
Wands
 y - a wand of polymorph (3)
 C - a wand of mindburst (6)
Scrolls
 c - 3 scrolls of teleportation
 d - 2 scrolls of amnesia
 e - 3 scrolls of immolation
 g - a scroll of acquirement {unknown}
 p - a scroll of brand weapon
 t - a scroll of silence
 u - a scroll of fog {unknown}
 x - a scroll of noise {unknown}
 B - a scroll of enchant armour
 D - a scroll of enchant weapon {unknown}
 I - a scroll of torment {unknown}
Potions
 l - a potion of cancellation
 n - a potion of brilliance
 q - 3 potions of attraction
 z - a potion of invisibility


   Skills:
 + Level 9.2 Fighting
 - Level 2.0 Dodging
 - Level 12.0 Unarmed Combat
 - Level 2.0 Spellcasting
 - Level 6.6 Transmutations
 - Level 5.1 Ice Magic
 - Level 6.1 Poison Magic
 - Level 6.1 Invocations


You had 5 spell levels left.
You knew the following spells:

 Your Spells              Type           Power      Damage    Failure   Level
a - Ice Form              Ice/Tmut       42%        N/A       2%          4
b - Wereblood             Tmut           47%        N/A       1%          2
c - Spider Form           Tmut/Pois      45%        N/A       1%          3

Your spell library contained the following spells:

 Spells                   Type           Power      Damage    Failure   Level
 Beastly Appendage        Tmut           94%        N/A       1%          1
 Freeze                   Ice            100%       1d10      1%          1
 Frozen Ramparts          Ice            74%        1d12      1%          3
 Magic Dart               Conj           12%        1d3       2%          1
 Summon Small Mammal      Summ           12%        N/A       2%          1
 Hailstorm                Conj/Ice       20%        3d6       2%          3
 Blink                    Tloc           6%         N/A       4%          2
 Lesser Beckoning         Tloc           6%         N/A       4%          2
 Momentum Strike          Conj/Tloc      6%         3d8       4%          2
 Searing Ray              Conj           6%         2d4       4%          2
 Blade Hands              Tmut           23%        N/A       4%          5
 Call Canine Familiar     Summ           3%         N/A       8%          3
 Summon Guardian Golem    Hex/Summ       3%         N/A       8%          3
 Vhi's Electric Charge    Tloc/Air       6%         N/A       8%          3
 Irradiate                Conj/Tmut      12%        3d15      19%         5
 Fulminant Prism          Conj/Hex       1%         3d5       26%         4
 Arcjolt                  Conj/Air       1%         1d11      54%         5
 Summon Forest            Summ/Tloc      1%         N/A       54%         5
 Summon Mana Viper        Hex/Summ       3%         N/A       54%         5
 Dragon Form              Tmut           23%        N/A       78%         7
 Plasma Beam              Fire/Air       1%         2x1d11    98%         6
 Summon Cactus Giant      Summ           1%         N/A       98%         6


Dungeon Overview and Level Annotations

Branches:
Dungeon (9/15)             Temple (1/1) D:4            Lair (1/5) D:8
  IceCv (1/1)
    Orc: D:9-12

Altars:
Cheibriados
Dithmenos
Elyvilon
Hepliaklqana
Kikubaaqudgha
Nemelex Xobeh
Okawaru
Qazlal
Sif Muna
Trog
Uskayaw
Vehumet
Wu Jian
Xom
Yredelemnul

Annotations:
D:5 exclusions: demonic plant, quasit, steam dragon and white imp
D:7 2 transporters, avis's ghost, novice OpTm
D:9 exclusion: two-headed ogre, Harold


Innate Abilities, Weirdness & Mutations

You are a creature of crystalline ice.
You have a powerful freezing melee attack.
Your maximum health is increased.
Your armour is entirely melded.
You are incapable of wielding weapons or throwing items.
You cannot wear most types of armour.
You are amphibious.
You can wear up to eight rings at the same time.
((Your skin changes colour to match your surroundings (Stealth+).))
((Your rubbery body absorbs attacks. (AC +1, EV +1)))
((You are camouflaged when in or above water. (Stealth+)))
((You have tentacles for arms and can constrict up to eight enemies at once.))
((Your flesh is heat resistant. (rF+)))
((You are vulnerable to cold. (rC-)))


Message History

As you open the door, it creaks loudly!
There is an open door here.
You open the door.
There is an open door here.
You open the door.
Okay, then.
You warm up again.
Okay, then.
Casting: Ice Form (dangerous; 2% risk of failure)
Confirm with . or Enter, or press ? or * to list all spells.
You turn into a creature of crystalline ice.
You fade into invisibility!
You open the door.
Found a leather armour of resistance and 15 gold pieces.
A reaper comes into view. It is wielding a +1 scythe of freezing.
Found a book of Ice, a scroll labelled SEPPOPA YSMOCO and 47 gold pieces.
There is an open door here.
The reaper hits you with a +1 scythe of freezing.
The reaper hits you with a +1 scythe of freezing!!!
The reaper freezes you.
Unknown command.
You squash the reaper like an ant!!!
You freeze the reaper.
The reaper is heavily wounded.
The reaper closely misses you.
You hit the reaper but do no damage.
The reaper is heavily wounded.
The reaper hits you with a +1 scythe of freezing!!
* * * LOW HITPOINT WARNING * * *
The reaper freezes you.
* * * LOW HITPOINT WARNING * * *
You barely miss the reaper.
The reaper is heavily wounded.
The reaper hits you with a +1 scythe of freezing.
* * * LOW HITPOINT WARNING * * *
You hit the reaper. You freeze the reaper.
The reaper is heavily wounded.
You punch the reaper!
The reaper is severely wounded.
The reaper hits you with a +1 scythe of freezing!!!
You die...

##############
#.'.........'.
#.#####'#####.
##.#.#.#.#.#.#.
######8.#'#'#.#'#'##
#.......#.........'.
#.#####.#.8.8.8.8.##
##.#:2$#.#...........
#⌠.'Y⌠.#.'...........
##.#[.$#.#...........
#.#####.#.8.8.8.8.##
#.......#.........'.
######8.#'#'#.#'#'##
##.#.#.#.#.#.#.
#.#####'#####.
#.'.........'.
##############


You could see a reaper.

Vanquished Creatures
  A catoblepas (Lair:1)
  Pikel (D:6)
  2 ice statues (IceCv)
  A black mamba (Lair:1)
  A cane toad (Lair:1)
  A freezing wraith (IceCv)
  4 ice devils (IceCv)
  A komodo dragon (D:8)
  2 anaconda simulacra (IceCv)
  3 blink frogs (Lair:1)
  Eustachio (D:5)
  A dire elephant simulacrum (IceCv)
  10 yaks
  2 steam dragons
  Grum (D:9)
  2 acid dragons (D:9)
  2 harpy simulacra (IceCv)
  5 hydra simulacra (IceCv)
  Duvessa (D:6)
  3 water moccasins
  3 orc warriors
  6 sky beasts
  A black bear (D:8)
  An ogre (D:6)
  2 centaurs (D:8)
  13 wolves
  A lemure (D:6)
  A phantom (D:5)
  Blork the orc (D:6)
  A bullfrog (D:7)
  A scorpion (D:4)
  A cane toad simulacrum (IceCv)
  Dowan (D:6)
  5 howler monkeys
  2 hounds
  A jelly (D:6)
  3 orc priests
  A sleepcap (D:4)
  2 gnoll boudas (D:8)
  An iguana (D:6)
  7 orc wizards
  A polar bear simulacrum (IceCv)
  A troll simulacrum (IceCv)
  A spriggan simulacrum (IceCv)
  11 gnolls
  6 adders
  A naga simulacrum (IceCv)
  2 shadow imps (D:5)
  2 white imps
  2 ufetubi
  9 worms
  4 dart slugs
  24 orcs
  4 bats
  7 endoplasms
  3 giant cockroaches
  6 goblins
  7 hobgoblins
  6 jackals
  9 quokkas
  10 ball pythons
  2 frilled lizards (D:2)
  5 kobolds
  9 rats
232 creatures vanquished.

Vanquished Creatures (others)
  A black bear (D:4)
  An orc (D:4)
  An endoplasm (D:4)
3 creatures vanquished.

Grand Total: 235 creatures vanquished

Notes
Turn   | Place    | Note
-------+----------+-------------------------------------------
     0 | D:1      | TittyCrusher the Octopode Transmuter began the quest for
                  | the Orb.
     0 | D:1      | Reached XP level 1. HP: 13/13 MP: 3/3
    67 | D:1      | Reached XP level 2. HP: 11/18 MP: 5/5
    97 | D:1      | Learned a level 2 spell: Wereblood
   328 | D:1      | Reached XP level 3. HP: 23/23 MP: 4/6
   332 | D:1      | Learned a level 3 spell: Spider Form
   348 | D:1      | Found a faded altar of an unknown god.
   449 | D:1      | Reached skill level 1 in Poison Magic
  1037 | D:2      | Reached XP level 4. HP: 14/28 MP: 4/7
  2413 | D:3      | Found a white marble altar of Elyvilon.
  2767 | D:4      | Found a staircase to the Ecumenical Temple.
  2774 | Temple   | Entered the Ecumenical Temple
  2785 | Temple   | Became a worshipper of Cheibriados the Contemplative
  2827 | D:4      | Reached XP level 5. HP: 31/33 MP: 3/8
  2837 | D:4      | Reached skill level 5 in Poison Magic
  3196 | D:4      | Noticed a black bear
  3199 | D:4      | Found a shimmering altar of Xom.
  3203 | D:4      | Killed a black bear
  3247 | D:4      | Reached XP level 6. HP: 26/38 MP: 5/9
  3440 | D:4      | Reached * piety under Cheibriados
  3813 | D:5      | Entered Level 5 of the Dungeon
  3840 | D:5      | Noticed a steam dragon
  4407 | D:6      | Reached skill level 4 in Unarmed Combat
  4541 | D:6      | Reached XP level 7. HP: 43/43 MP: 6/10
  4606 | D:6      | Noticed Pikel
  4625 | D:6      | Killed Pikel
  4626 | D:6      | Reached skill level 7 in Unarmed Combat
  4626 | D:6      | Reached XP level 8. HP: 34/48 MP: 5/11
  4702 | D:6      | Found a bloodstained altar of Trog.
  4766 | D:6      | Found a shadowy altar of Dithmenos.
  5046 | D:5      | Reached skill level 8 in Unarmed Combat
  5110 | D:5      | Noticed Eustachio
  5136 | D:5      | Killed Eustachio
  5314 | D:6      | Noticed Blork the orc
  5332 | D:6      | Killed Blork the orc
  5399 | D:6      | Noticed Dowan
  5416 | D:6      | Noticed Duvessa
  5429 | D:6      | Killed Duvessa
  5430 | D:6      | Reached skill level 9 in Unarmed Combat
  5432 | D:6      | Killed Dowan
  5432 | D:6      | Reached ** piety under Cheibriados
  5957 | D:6      | Learned a level 4 spell: Ice Form
  6067 | D:7      | Reached skill level 1 in Ice Magic
  6067 | D:7      | Reached XP level 9. HP: 48/53 MP: 8/12
  6135 | D:7      | Noticed a moth of wrath
  6143 | D:7      | Found a transporter.
  6148 | D:7      | Noticed avis's ghost (novice OpTm)
  6168 | D:7      | Found a transporter.
  6574 | D:7      | Reached skill level 5 in Ice Magic
  6821 | D:7      | Identified the ring "Vaonunyr" {rElec rPois rC- MP+9}
  6972 | D:7      | Found a sparkling altar of Nemelex Xobeh.
  7423 | D:8      | Reached skill level 5 in Transmutations
  7669 | D:8      | Reached *** piety under Cheibriados
  7707 | D:8      | Found a staircase to the Lair.
  8363 | D:8      | Reached skill level 10 in Unarmed Combat
  8366 | D:8      | Reached XP level 10. HP: 58/58 MP: 9/13
  8743 | D:9      | Found a shimmering blue altar of Sif Muna.
  8784 | D:9      | Noticed Grum
  8800 | D:9      | Killed Grum
  8966 | D:9      | Noticed Harold
  8966 | D:9      | Noticed a two-headed ogre
  9131 | D:9      | Reached skill level 11 in Unarmed Combat
  9783 | D:9      | Reached skill level 12 in Unarmed Combat
  9784 | D:9      | Reached **** piety under Cheibriados
  9940 | Lair:1   | Entered Level 1 of the Lair of Beasts
  9945 | Lair:1   | Noticed a black mamba
  9993 | Lair:1   | Killed a black mamba
  9995 | Lair:1   | Reached skill level 5 in Invocations
 10012 | Lair:1   | Reached XP level 11. HP: 60/64 MP: 10/15
 10042 | Lair:1   | Found a frozen archway.
 10047 | Lair:1   | Noticed a catoblepas
 10060 | Lair:1   | Reached skill level 5 in Fighting
 10076 | Lair:1   | Killed a catoblepas
 10172 | IceCv    | Entered an ice cave
 10558 | IceCv    | Gained mutation: Your flesh is heat resistant. (rF+)
                  | [potion of mutation]
 10558 | IceCv    | Gained mutation: You are vulnerable to cold. (rC-) [potion
                  | of mutation]
 10850 | IceCv    | Reached ***** piety under Cheibriados
 11121 | IceCv    | Noticed a reaper
 11127 | IceCv    | Annihilated by a reaper

Illustrated notes

Levels and vault maps discovered:
D:1:      onia_arrival_handbag, layout_basic,
          shapermc_ecumenical_altar_totnotflames
D:2:      layout_loops_ring
D:3:      layout_basic, mainiacjoe_overflow_brackets
D:4:      layout_basic, xom_confusion_cloud, temple_green, serial_bayou_crossing
D:5:      layout_loops_ring, serial_demonic, serial_demonic_e, serial_demonic_f,
          serial_demonic_g, serial_demonic_a, roderic_roman_lattice,
          hangedman_abyss_or_decor_stabs, nicolae_wormholes, uniq_eustachio,
          uniq_edmund
D:6:      layout_loops_ring, mainiacjoe_overflow_catwalk_spiral, uniq_duvessa,
          uniq_blork_the_orc, uniq_pikel
D:7:      layout_loops_ring, nemelex_xobeh_ov_fountains_minmay,
          gammafunk_ghost_berserking_beasts
D:8:      layout_loops_corners, dpeg_oklobed_lair, reono_crystal_passage
D:9:      layout_roguey, zin_scriptorium, old_standard_altar,
          nicolae_the_louvre, uniq_grum, uniq_harold
Temple:   nicolae_temple_two_arcs
Lair:1:   layout_misc_corridors, portal_ice_cave_entry_pillars_2,
          infiniplex_staircase_pool_2
IceCv:    ice_cave_tombish

Skill      XL: |  1  2  3  4  5  6  7  8  9 10 11 |
---------------+----------------------------------+-----
Transmutations | 3 6 |  6.6
Poison Magic   | 2 4 6 |  6.1
Unarmed Combat | 4 7 9 10 12 | 12.0
Ice Magic      | 1 5 |  5.1
Invocations    | 6 |  6.1
Fighting       | 2 9 |  9.2
Dodging        | |  2.0
Spellcasting   | |  2.0

Action                     |  1- 3 |  4- 6 |  7- 9 | 10-12 || total
---------------------------+-------+-------+-------+-------++-------
  Melee: Unarmed           |    87 |   151 |   231 |   197 ||   666
         Constrict         |    21 |    17 |     7 |       ||    45
         Tentacles         |     8 |    15 |     3 |       ||    26
         Kick              |    13 |     1 |       |       ||    14
         Punch             |     1 |     5 |     1 |       ||     7
   Fire: Sling             |       |    33 |    29 |       ||    62
  Throw: Stone             |       |     2 |     3 |       ||     5
   Cast: Beastly Appendage |    11 |     3 |       |       ||    14
         Spider Form       |     2 |    11 |    26 |       ||    39
         Wereblood         |       |     1 |     3 |    10 ||    14
         Ice Form          |       |       |     2 |    22 ||    24
 Invoke: Slouch            |       |       |       |     1 ||     1
Ability: End Transformatio |       |       |       |     2 ||     2
  Evoke: Wand              |       |       |       |     1 ||     1
    Use: Potion            |     1 |     4 |     2 |     5 ||    12
         Scroll            |       |     8 |     3 |     7 ||    18
   Stab: Sleeping          |     7 |     3 |     1 |       ||    11
         Distracted        |       |       |     1 |       ||     1
         Petrifying        |       |       |       |     1 ||     1
 Armour: Skin              |     8 |     8 |    18 |    53 ||    87
  Dodge: Dodged            |    49 |    73 |   160 |    73 ||   355

Table legend: (Time is in decaauts)
 A = Elapsed time spent in this place.
 B = Non-inter-level travel time spent in this place.
 C = Inter-level travel time spent in this place.
 D = Time resting spent in this place.
 E = Time spent auto-exploring this place.
 F = Levels seen in this place.
 G = Mean time per level.
                   A        B        C        D        E       F      G
               +--------+--------+--------+--------+--------+-----+--------+
         Total |  13075 |  12685 |    390 |   2438 |   7352 |  12 | 1089.6 |
       Dungeon |  11764 |  11384 |    380 |   1746 |   7352 |   9 | 1307.1 |
        Temple |     23 |     13 |     10 |      0 |      0 |   1 |   23.0 |
          Lair |    219 |    219 |      0 |     79 |      0 |   1 |  219.0 |
      Ice Cave |   1067 |   1067 |      0 |    613 |      0 |   1 | 1067.0 |
               +--------+--------+--------+--------+--------+-----+--------+

Top non-repeatable levels by time:
     D:8: 1866 daAuts
     D:7: 1631 daAuts
     D:9: 1589 daAuts
     D:4: 1407 daAuts
     D:6: 1401 daAuts
     D:5: 1146 daAuts
   IceCv: 1067 daAuts
     D:2: 925 daAuts
     D:3: 908 daAuts
     D:1: 888 daAuts
  Lair:1: 219 daAuts
  Temple: 23 daAuts
